 Dungeon Crawl Stone Soup version 0.26-a0-49-g0e6732e0a6 (webtiles) character file.

Game seed: 14371940933946422971

578686 Silerin the Conqueror (level 25, 0/257 HPs)
             Began as a Minotaur Berserker on June 4, 2020.
             Was the Champion of Trog.
             Killed by divine providence
             ... invoked by a yellow draconian stormcaller
              (9 damage)
             ... on level 1 of the Realm of Zot.
             The game lasted 03:19:17 (66082 turns).

Silerin the Conqueror (Minotaur Berserker)         Turns: 66082, Time: 03:19:18

Health: 0/257      AC: 44    Str: 41    XL:     25   Next: 86%
Magic:  22/22      EV: 17    Int:  7    God:    Trog [******]
Gold:   3823       SH: 40    Dex:  8    Spells: 24/24 levels left

rFire    + . .     SeeInvis +   w - +11 broad axe of Anguish {vorpal, rC+}
rCold    + + +     Gourm    .   K - +7 tower shield
rNeg     . . .     Faith    .   R - +9 scales of the Dragon King {rPois rF+ rC+ MR+}
rPois    +         Spirit   .   (helmet restricted)
rElec    .         Reflect  +   y - +2 cloak {rC+}
rCorr    .         Harm     .   u - +2 pair of gloves {Str+3}
MR       +++..                  z - +2 pair of boots
Stlth    ..........             f - amulet of reflection
HPRegen  0.52/turn              L - ring of Dait {rPois MR+ Int+3 Dex-4 SInv}
MPRegen  0.18/turn              F - +6 ring of strength

@: lethally poisoned (0 -> 0), about to teleport, very slow
A: retaliatory headbutt, horns 2
}: 3/15 runes: serpentine, barnacled, silver
a: Berserk, Trog's Hand, Brothers in Arms, Renounce Religion


You were on level 1 of the Realm of Zot.
You worshipped Trog.
Trog was exalted by your worship.
You were hungry.

You visited 10 branches of the dungeon, and saw 46 of its levels.
You visited the Abyss 1 time.
You also visited: Ossuary, Gauntlet, Ice Cave and Wizlab.

You collected 7713 gold pieces.
You spent 3890 gold pieces at shops.

Inventory:

Hand Weapons
 a - a +9 broad axe of draining
 b - a +9 antimagic broad axe
 q - the +1 long sword of the Jolly Scars {freeze, rElec rF++}
   (You found it on level 3 of the Elven Halls)

   It has been specially enchanted to freeze those struck by it, causing extra
   injury to most foes and up to half again as much damage against particularly
   susceptible opponents.
   It can also slow down cold-blooded creatures.
   It greatly protects you from fire.
   It insulates you from electricity.
 w - the +11 broad axe of Anguish (weapon) {vorpal, rC+}
   (Trog gifted it to you on level 5 of the Vaults)

   It inflicts extra damage upon your enemies.
   It protects you from cold.
Missiles
 s - 94 javelins
 A - 12 throwing nets
 V - 50 silver javelins (quivered)
Armour
 u - a +2 pair of gloves of strength (worn)
 y - a +2 cloak of cold resistance (worn)
 z - a +2 pair of boots (worn)
 I - the +1 pair of gloves of Rymutut {SInv}
   (You found it on level 12 of the Dungeon)

   It lets you see invisible.
 K - a +7 tower shield (worn)
 R - the +9 scales of the Dragon King (worn) {rPois rF+ rC+ MR+}
   (You found it on level 3 of the Snake Pit)

   It protects you from fire.
   It protects you from cold.
   It protects you from poison.
   It affects your resistance to hostile enchantments.
Jewellery
 f - an amulet of reflection (around neck)
 g - the ring "Luanlee" {+Fly rF+ rN+}
   (You found it in a Gauntlet)

   [ring of flight]

   It protects you from fire.
   It protects you from negative energy.
   It lets you fly.
 i - the ring "Xucoc" {+Blink rF+ Int+6 Stlth+}
   (You took it off a deep elf high priest on level 3 of the Elven Halls)

   [ring of stealth]

   It affects your intelligence (+6).
   It protects you from fire.
   It lets you blink.
   It makes you more stealthy.
 o - the ring "Uwyo" {+Fly rF+ rC+}
   (You bought it in a shop on level 3 of the Elven Halls)

   [ring of protection from fire]

   It protects you from fire.
   It protects you from cold.
   It lets you fly.
 F - a +6 ring of strength (right hand)
 L - the ring of Dait (left hand) {rPois MR+ Int+3 Dex-4 SInv}
   (You acquired it on level 1 of the Shoals)

   [ring of see invisible]

   It affects your intelligence (+3).
   It affects your dexterity (-4).
   It protects you from poison.
   It affects your resistance to hostile enchantments.
   It lets you see invisible.
Wands
 p - a wand of digging (3)
 r - a wand of enslavement (48)
 C - a wand of acid (23)
 E - a wand of paralysis (42)
 M - a wand of iceblast (30)
Scrolls
 d - 28 scrolls of identify
 e - 31 scrolls of teleportation
 j - 5 scrolls of magic mapping
 m - 27 scrolls of remove curse
 n - 5 scrolls of blinking
Potions
 h - 29 potions of curing
 k - 4 potions of invisibility
 t - 2 potions of ambrosia
 x - 6 potions of haste
 B - a potion of resistance
 D - 6 potions of mutation
 G - a potion of might
 P - 7 potions of lignification
 T - 8 potions of cancellation
Miscellaneous
 v - a lightning rod (4/4)
Comestibles
 c - 62 rations
 l - 4 chunks of flesh


   Skills:
 O Level 27 Fighting
 - Level 18.0 Axes
 - Level 12.0 Throwing
 + Level 21.9 Armour
 + Level 23.5 Dodging
 + Level 24.4 Shields


You had 24 spell levels left.
You didn't know any spells.
Your spell library was empty.

Dungeon Overview and Level Annotations

Branches:
Dungeon (15/15)            Temple (0/1) D:5            Lair (6/6) D:10
 Shoals (4/4) Lair:4        Snake (4/4) Lair:4        Slime (0/5) Lair:5
    Orc (2/2) D:11            Elf (3/3) Orc:2        Vaults (5/5) D:13
  Crypt (1/3) Vaults:2     Depths (5/5) D:15            Zot (1/5) Depths:5
Ossuary (visited)           IceCv (visited)          WizLab (visited)
Gauntlet (visited)

Altars:
Fedhas
Kikubaaqudgha
Makhleb
Okawaru
Trog
Vehumet
Wu Jian
Yredelemnul
Beogh
Lugonu

Shops:
D:12 }   Orc:2 !:?!   Elf:3 }=}   Vaults:1 (   Vaults:3 ?   Vaults:4 *?[(

Portals:
Hell: Depths:1 Depths:2 Depths:3 Depths:4 Depths:5
Abyss: Depths:2 Depths:3 Depths:4
Pandemonium: Depths:3 Depths:4
Ziggurat: Depths:2

Annotations:
D:8 3 runed translucent doors, dvd2's ghost, novice DrCj
D:10 digging
Depths:1 exclusion: orange crystal statue
Depths:4 3 runed translucent doors, Teawk's ghost, veteran DsCK


Innate Abilities, Weirdness & Mutations

You reflexively headbutt those who attack you in melee.
You have a pair of horns on your head.


Message History

The green draconian stormcaller calls down the wrath of Qazlal upon you.
Qazlal smites you!
* * * LOW HITPOINT WARNING * * *
The swamp drake breathes noxious fumes at you.
The noxious blast engulfs you but does no damage.
The yellow draconian stormcaller utters an invocation to Qazlal.
You block the swamp drake's attack.
The komodo dragon is engulfed in noxious fumes.
The komodo dragon appears confused.
You feel sick. You block the swamp drake's attack.
The yellow draconian stormcaller mumbles some strange prayers to Qazlal against you.
Qazlal smites you!
* * * LOW HITPOINT WARNING * * *
The komodo dragon is engulfed in noxious fumes.
The komodo dragon appears confused.
You block the death drake's attack.
You enter the shallow water.
Moving in this stuff is going to be slow.
The yellow draconian stormcaller mumbles some strange prayers to Qazlal against you.
Qazlal smites you!
You die...

##...........>..........###.#
.......###......###.........#
.......#q#......#q#...k.....#
.###...###......###...###.:.#
.#q#.............(..l.#q#...#
.###..).).............###...#
.....≈................k.k...#
.........#####≈≈.kkk........#
########## ##≈≈≈@############
##[)≈≈≈≈## ### ##≈≈[≈≈≈≈≈####
≈≈## ##≈≈≈≈⌠≈≈≈≈≈... ≈≈≈##
##≈≈≈≈≈≈≈≈≈≈≈≈## ≈≈≈≈#
#≈≈≈≈≈≈≈≈≈≈≈≈≈≈# ≈≈≈##
##≈≈≈≈≈≈≈≈≈≈≈≈## ≈≈##
##≈≈≈≈≈≈≈≈≈≈## ...#
##≈≈≈≈≈≈≈≈##


You could see 2 draconians, 3 death drakes, a komodo dragon (summoned, confused)
and 2 swamp drakes.

Vanquished Creatures
  Mara (Depths:4)
  An ancient lich (Vaults:5)
  Sojobo (Depths:4)
  2 greater mummies
  Boris (Depths:3)
  A caustic shrike (Depths:2)
  Bai Suzhen (Vaults:4)
  3 golden dragons
  4 tentacled monstrosities
  Jorgrun (Orc:2)
  4 liches
  3 quicksilver dragons
  4 titans
  A tentacled starspawn (Abyss:2)
  2 deep elf blademasters
  A deep elf master archer (Elf:3)
  A death cob (Zot:1)
  5 sphinxes
  10 tengu reavers
  3 draconian monks (Zot:1)
  7 storm dragons
  8 shadow dragons
  8 nagarajas (Snake:4)
  Ilsuiw (Shoals:4)
  4 fire giants
  21 vault wardens
  13 frost giants
  8 deep elf sorcerers
  3 draconian knights
  Louise (D:14)
  An iron dragon (Depths:1)
  Aizul (Snake:1)
  A draconian shifter (Zot:1)
  3 draconian scorchers (Zot:1)
  A caustic shrike zombie (Depths:4)
  An orc warlord (Orc:2)
  8 deep elf elementalists
  19 ironheart preservers
  A war gargoyle (Vaults:5)
  7 draconian stormcallers
  32 very ugly things
  A spriggan defender (Depths:2)
  23 stone giants
  An entropy weaver (Vaults:3)
  A green draconian (Zot:1)
  5 vampire knights
  Nessos (D:15)
  2 black draconians
  4 purple draconians
  A minotaur (Gauntlet)
  5 deep elf annihilators
  9 deep elf demonologists
  A dire elephant (Gauntlet)
  4 spark wasps (Depths:1)
  3 white draconians
  Azrael (Orc:2)
  6 red draconians (Zot:1)
  A spark wasp (shapeshifter) (Vaults:5)
  8 merfolk javelineers
  An eidolon (Abyss:2)
  A mummy priest (WizLab)
  Snorg (D:14)
  3 crystal guardians
  Josephine (D:10)
  2 blizzard demons (IceCv)
  7 deep elf death magi
  14 ettins
  13 fire dragons
  12 yaktaur captains
  6 deep elf high priests
  5 jiangshi
  8 great orbs of eyes
  14 naga warriors
  18 merfolk impalers
  6 ice dragons
  4 hydras
  3 rakshasas
  34 vault guards
  Erolcha (D:11)
  3 spriggan air magi
  16 anacondas
  4 merfolk avatars
  Erica (D:10)
  4 satyrs
  2 death knights
  36 two-headed ogres
  4 merfolk aquamancers
  13 centaur warriors
  7 tengu warriors
  An alligator snapping turtle (Shoals:3)
  24 dancing weapons
  10 ogre magi
  12 deep troll shamans
  4 orc high priests (Orc:2)
  9 naga sharpshooters
  4 thrashing horrors (Abyss:2)
  6 spriggan berserkers
  26 deep elf knights
  2 vampire magi
  11 deep troll earth magi
  A soul eater (Gauntlet)
  5 shock serpents
  A spriggan (Depths:4)
  2 shadow wraiths
  5 skeletal warriors
  A fire crab (shapeshifter) (Vaults:4)
  2 salamander mystics (Snake:3)
  13 sea snakes
  10 hell knights
  4 iron trolls
  2 golden dragon zombies (Depths:4)
  3 unseen horrors (Vaults:1)
  A spark wasp zombie (WizLab)
  A glowing orange brain (shapeshifter) (Vaults:2)
  8 wizards
  30 deep trolls
  5 naga ritualists (Snake:4)
  3 glowing orange brains
  19 deep elf archers
  2 swamp dragons (shapeshifter)
  3 flayed ghosts
  2 shadow dragon zombies (Depths:4)
  17 ironbrand convokers
  16 harpies
  A tengu zombie (Depths:4)
  20 orc knights
  A lindwurm (Lair:6)
  7 wolf spiders
  9 necromancers
  8 cyclopes
  34 ugly things
  62 deep elf magi
  3 stone giant zombies
  7 mana vipers
  An orb spider (shapeshifter) (Depths:1)
  A tengu skeleton (Vaults:3)
  2 frost giant zombies (Depths:4)
  4 orc sorcerers (Orc:2)
  11 manticores
  4 phantasmal warriors (Vaults:5)
  30 fauns
  A shadow dragon skeleton (Depths:2)
  A salamander (shapeshifter) (D:13)
  A sphinx skeleton (Vaults:3)
  2 frost giant skeletons (Vaults:5)
  4 moths of wrath (Zot:1)
  8 salamanders
  A black mamba (shapeshifter) (D:13)
  13 vault sentinels
  A stone giant skeleton (Depths:2)
  An elephant (shapeshifter) (Vaults:5)
  6 water nymphs
  A guardian serpent (shapeshifter) (D:15)
  An ice statue (IceCv)
  2 demonspawn zombies (WizLab)
  9 merfolk sirens
  2 torpor snails
  3 centaur skeletons
  A minotaur zombie (Gauntlet)
  17 naga magi
  7 rime drakes
  21 black mambas
  12 guardian serpents
  7 spiny frogs
  3 spiny frogs (shapeshifter)
  Psyche (D:8)
  5 spectral swamp worms (Depths:5)
  3 gargoyles (D:11)
  Maggie (D:7)
  A rime drake (shapeshifter) (Depths:3)
  A komodo dragon (shapeshifter) (Vaults:3)
  4 ice devils (IceCv)
  58 yaktaurs
  11 freezing wraiths
  A yaktaur (shapeshifter) (Vaults:3)
  6 guardian mummies
  14 komodo dragons
  7 wind drakes
  2 anaconda simulacra (IceCv)
  An ancient zyme (Abyss:2)
  A redback zombie (D:14)
  A queen bee (shapeshifter) (Depths:2)
  A troll (shapeshifter) (D:15)
  A merfolk (shapeshifter) (Depths:2)
  2 tengu conjurers (Depths:2)
  10 trolls
  5 hornets
  2 meliai (shapeshifter)
  A queen bee (D:9)
  A jumping spider (shapeshifter) (D:15)
  A polar bear (Lair:3)
  24 merfolk
  3 polar bears (shapeshifter)
  A raiju (Abyss:2)
  8 snapping turtles
  9 blink frogs
  12 hippogriffs
  A sphinx simulacrum (Vaults:3)
  A stone giant simulacrum (Vaults:3)
  2 tengu simulacra
  9 dream sheep
  2 centaur simulacra
  2 hippogriffs (shapeshifter)
  2 deep troll zombies (WizLab)
  15 slime creatures
  2 meliai zombies
  A shadow (D:12)
  3 air elementals
  3 small abominations (Abyss:2)
  A ynoxinul (Abyss:2)
  8 wraiths
  2 redbacks (Vaults:3)
  18 water elementals
  2 wyverns
  8 fire elementals
  2 hogs (shapeshifter) (Depths:1)
  33 yaks
  2 large abominations (Abyss:2)
  A dire elephant simulacrum (IceCv)
  13 steam dragons
  A neqoxec (Abyss:2)
  A basilisk (Lair:3)
  3 elf zombies
  4 hungry ghosts
  7 vampire mosquitoes
  3 death yak simulacra (IceCv)
  14 wargs
  2 iron troll simulacra (IceCv)
  6 acid dragons
  5 hydra simulacra (IceCv)
  3 harpy simulacra (IceCv)
  50 nagas
  A soldier ant (D:10)
  18 water moccasins
  4 hell hounds (Orc:2)
  6 sky beasts
  4 porcupines
  5 human zombies
  5 ice beasts
  An eye of draining (D:12)
  62 orc warriors
  A swamp drake (Lair:6)
  A black bear (shapeshifter) (Depths:5)
  An alligator simulacrum (IceCv)
  3 ettin simulacra
  39 ogres
  3 phantoms
  A boggart (shapeshifter) (Depths:1)
  19 boggarts
  An eye of draining (shapeshifter) (D:13)
  An orc skeleton (Vaults:1)
  29 centaurs
  17 crocodiles
  2 earth elementals
  A wyvern zombie (D:12)
  4 human skeletons
  14 bullfrogs
  A yaktaur skeleton (Vaults:1)
  A wyvern skeleton (D:13)
  3 scorpions
  5 human simulacra
  22 killer bees
  An elephant simulacrum (IceCv)
  4 wights (D:13)
  6 howler monkeys
  An electric eel (Lair:2)
  4 bullfrog zombies
  Crazy Yiuf (D:2)
  2 centaur zombies
  3 draconian simulacra (IceCv)
  3 quasits
  2 crimson imps
  3 bullfrog skeletons
  A gnoll shaman (D:7)
  27 orc priests
  3 hounds
  3 jellies (D:12)
  Jessica (D:2)
  Natasha (thrice) (D:2)
  Terence (D:2)
  An iguana (Lair:6)
  24 orc wizards
  A polar bear simulacrum (IceCv)
  8 worker ants
  4 spriggan simulacra (IceCv)
  2 troll simulacra (IceCv)
  A hound zombie (D:9)
  10 mummies
  2 worker ant zombies (D:8)
  18 gnolls
  10 adders
  A howler monkey skeleton (D:11)
  2 naga simulacra (IceCv)
  4 ogre simulacra (IceCv)
  8 shadow imps
  9 white imps
  8 ufetubi (IceCv)
  An adder zombie (D:9)
  2 adder skeletons (D:7)
  4 worms
  A dart slug (D:3)
  4 leopard geckos
  136 orcs
  A ball python (D:3)
  7 giant cockroaches
  A gnoll zombie (Ossuary)
  5 goblins
  5 hobgoblins
  4 jackals
  4 quokkas
  13 bats
  9 frilled lizards
  4 hobgoblin zombies (Ossuary)
  A jackal skeleton (D:6)
  A jackal zombie (D:5)
  6 kobolds
  2 kobold zombies (Ossuary)
  An orc zombie (Ossuary)
  A quokka zombie (D:9)
  10 rats
  6 fungi
  7 plants
  2 starspawn tentacles (Abyss:2)
  3 withered plants (Gauntlet)
2244 creatures vanquished.

Vanquished Creatures (collateral kills)
  A golden dragon (Zot:1)
  A lich (Vaults:4)
  A tentacled monstrosity (Vaults:5)
  A shadow dragon (Vaults:5)
  A tengu reaver (Vaults:5)
  2 vault wardens
  An orc warlord (Orc:1)
  An ironheart preserver (Vaults:5)
  A war gargoyle (Vaults:5)
  2 merfolk javelineers (Shoals:1)
  2 mummy priests (WizLab)
  2 merfolk impalers
  A fire dragon (Lair:6)
  A vault guard (Vaults:4)
  An ogre mage (Vaults:5)
  A deep troll earth mage (Vaults:5)
  3 deep trolls (Vaults:5)
  A swamp dragon (Lair:6)
  A necromancer (Vaults:5)
  2 elephants (Gauntlet)
  A demonspawn zombie (WizLab)
  A guardian mummy (WizLab)
  A deep troll zombie (WizLab)
  A stone giant simulacrum (Vaults:5)
  An orc warrior (Vaults:5)
  An ogre (Vaults:5)
  A plant (Lair:6)
34 creatures vanquished.

Vanquished Creatures (others)
  Asterion (Depths:3)
  A kraken (Shoals:4)
  A death cob (Zot:1)
  A draconian scorcher (Zot:1)
  A draconian knight (Zot:1)
  2 draconian annihilators (Zot:1)
  A black draconian (Zot:1)
  A red draconian (Zot:1)
  A white draconian (Zot:1)
  A naga warrior (Snake:4)
  A merfolk avatar (Shoals:4)
  An unseen horror (Vaults:1)
  A sea snake (shapeshifter) (Vaults:5)
  A moth of wrath (Zot:1)
  A naga mage (Snake:4)
  An air elemental (D:14)
  A water elemental (D:14)
  An orc priest (Vaults:3)
  An orc wizard (Vaults:5)
  An orc (Vaults:5)
  8 fungi
  11 plants
  2 starspawn tentacles (Abyss:2)
  4 tentacles (Shoals:4)
  4 withered plants (Gauntlet)
50 creatures vanquished.

Grand Total: 2328 creatures vanquished

Notes
Turn   | Place    | Note
-------+----------+-------------------------------------------
     0 | D:1      | Silerin the Minotaur Berserker began the quest for the Orb.
     0 | D:1      | Reached XP level 1. HP: 19/19 MP: 0/0
   360 | D:1      | Reached XP level 2. HP: 27/27 MP: 1/1
   800 | D:1      | Reached skill level 4 in Fighting
  1123 | D:2      | Reached ** piety under Trog
  1130 | D:2      | Reached XP level 3. HP: 22/33 MP: 2/2
  1571 | D:2      | Noticed Jessica
  1581 | D:2      | Killed Jessica
  1581 | D:2      | Reached XP level 4. HP: 23/41 MP: 3/3
  1639 | D:2      | Noticed Natasha
  1652 | D:2      | Killed Natasha
  1921 | D:2      | Found a burning altar of Makhleb.
  1985 | D:2      | Noticed Natasha
  1991 | D:2      | Killed Natasha
  1991 | D:2      | Reached XP level 5. HP: 47/47 MP: 4/4
  2051 | D:2      | Noticed Natasha
  2057 | D:2      | Killed Natasha
  2145 | D:2      | HP: 3/70 [orc priest/divine providence (15)]
  2162 | D:2      | Reached skill level 5 in Fighting
  2162 | D:2      | Reached skill level 5 in Axes
  2519 | D:2      | Noticed Terence
  2524 | D:2      | Killed Terence
  2524 | D:2      | Reached XP level 6. HP: 56/56 MP: 5/5
  2651 | D:2      | Found a runed translucent door.
  2652 | D:2      | Noticed Crazy Yiuf
  2884 | D:2      | Killed Crazy Yiuf
  3242 | D:3      | Found a blossoming altar of Fedhas.
  3420 | D:4      | Noticed a hornet
  3430 | D:4      | Killed a hornet
  3430 | D:4      | Reached skill level 5 in Armour
  3430 | D:4      | Reached XP level 7. HP: 23/62 MP: 6/6
  3683 | D:4      | Reached skill level 6 in Fighting
  3686 | D:4      | Reached *** piety under Trog
  3863 | D:4      | Reached skill level 5 in Dodging
  4749 | D:5      | Entered Level 5 of the Dungeon
  4819 | D:5      | Found a staircase to the Ecumenical Temple.
  5135 | D:5      | Reached XP level 8. HP: 57/71 MP: 7/7
  6006 | D:6      | Reached skill level 7 in Fighting
  6342 | D:6      | Found a radiant altar of Vehumet.
  6489 | D:6      | Got a faintly humming leather armour
  6500 | D:6      | Identified the +1 leather armour "Rushasko" {Dex+6} (You
                  | found it on level 6 of the Dungeon)
  6520 | D:6      | Found a bloodstained altar of Trog.
  6855 | D:6      | Reached skill level 8 in Fighting
  6855 | D:6      | Reached XP level 9. HP: 81/81 MP: 8/8
  6991 | D:7      | Found an ornate altar of the Wu Jian Council.
  6992 | D:7      | Noticed Maggie
  7005 | D:7      | Killed Maggie
  7805 | D:8      | Found a runed translucent gate.
  7805 | D:8      | Found a runed translucent gate.
  7805 | D:8      | Found a runed translucent gate.
  7827 | D:8      | Found a sand-covered staircase.
  7834 | Ossuary  | Entered an ossuary
  8301 | D:8      | Noticed dvd2's ghost (novice DrCj)
  8309 | D:8      | Reached skill level 9 in Fighting
  8347 | D:8      | Reached **** piety under Trog
  8379 | D:8      | Found an iron altar of Okawaru.
  8380 | D:8      | Found a bloodstained altar of Trog.
  8480 | D:8      | Noticed Psyche
  8498 | D:8      | Killed Psyche
  8769 | D:8      | Reached XP level 10. HP: 71/91 MP: 9/9
  9600 | D:9      | Noticed a two-headed ogre
  9618 | D:9      | Killed a two-headed ogre
  9618 | D:9      | Reached skill level 10 in Fighting
  9618 | D:9      | Reached skill level 10 in Axes
 10276 | D:9      | Reached skill level 10 in Armour
 10401 | D:9      | Reached ***** piety under Trog
 10656 | D:10     | Entered Level 10 of the Dungeon
 10835 | D:10     | Noticed Josephine
 10848 | D:10     | Killed Josephine
 10848 | D:10     | Reached XP level 11. HP: 98/101 MP: 10/10
 10967 | D:10     | Found a staircase to the Lair.
 11183 | D:10     | Noticed Erica
 11225 | D:10     | Killed Erica
 11225 | D:10     | Reached skill level 11 in Fighting
 11727 | D:11     | Reached skill level 10 in Dodging
 11876 | D:11     | Noticed a cyan ugly thing
 11889 | D:11     | Killed a cyan ugly thing
 11916 | D:11     | Found a staircase to the Orcish Mines.
 12437 | D:11     | Noticed a deep elf mage
 12450 | D:11     | Killed a deep elf mage
 12783 | D:11     | Noticed Erolcha
 12809 | D:11     | Killed Erolcha
 13034 | Lair:1   | Entered Level 1 of the Lair of Beasts
 13053 | Lair:1   | Reached skill level 12 in Fighting
 13420 | Lair:1   | Reached XP level 12. HP: 81/112 MP: 11/11
 15933 | Lair:3   | Noticed a four-headed hydra
 15942 | Lair:3   | Killed a one-headed hydra
 16577 | Lair:4   | Found a staircase to the Shoals.
 16667 | Lair:4   | Noticed a four-headed hydra
 16673 | Lair:4   | Noticed a five-headed hydra
 16687 | Lair:4   | Killed a two-headed hydra
 16687 | Lair:4   | Reached skill level 13 in Fighting
 16688 | Lair:4   | Killed a one-headed hydra
 17550 | Lair:4   | Found a staircase to the Snake Pit.
 18061 | Lair:5   | You fall into a shaft and drop 1 floor!
 18061 | Lair:6   | Entered Level 6 of the Lair of Beasts
 18078 | Lair:6   | Reached XP level 13. HP: 119/122 MP: 12/12
 18791 | Lair:5   | Found a staircase to the Slime Pits.
 18995 | Lair:5   | Identified the +9 shortbow of Amiddor {freeze, +Blink} (You
                  | found it on level 5 of the Lair of Beasts)
 19303 | Lair:6   | Received a gift from Trog
 19330 | Lair:6   | Noticed a fire dragon
 19331 | Lair:6   | HP: 5/123 [fire dragon/blast of flame (65)]
 19789 | Lair:6   | Killed a fire dragon
 19826 | Lair:6   | Got a twisted plate armour
 19837 | Lair:6   | Identified the +1 plate armour of Ogoac {MR+ Str+4} (You
                  | found it on level 6 of the Lair of Beasts)
 19941 | Lair:6   | Reached skill level 14 in Fighting
 20029 | Lair:6   | Noticed a fire dragon
 20040 | Lair:6   | Killed a fire dragon
 21457 | D:12     | Reached skill level 1 in Shields
 21499 | D:12     | Found a gate leading to a gauntlet.
 21563 | D:12     | Got a pair of spiked gloves
 21572 | Gauntlet | Entered a Gauntlet
 21572 | Gauntlet | Found a transporter.
 21780 | Gauntlet | Identified the +1 pair of gloves of Rymutut {SInv} (You
                  | found it on level 12 of the Dungeon)
 21798 | Gauntlet | Found a transporter.
 21807 | Gauntlet | Found a transporter.
 21809 | Gauntlet | Found a large runed translucent door.
 21809 | Gauntlet | Found a large runed translucent door.
 21810 | Gauntlet | Found a large runed translucent door.
 21810 | Gauntlet | Found a large runed translucent door.
 21811 | Gauntlet | Found a large runed translucent door.
 21811 | Gauntlet | Found a large runed translucent door.
 21811 | Gauntlet | Found a runed translucent door.
 21811 | Gauntlet | Found a runed translucent door.
 21811 | Gauntlet | Found a large runed translucent door.
 21812 | Gauntlet | Found a transporter.
 21827 | Gauntlet | Found a transporter.
 21842 | Gauntlet | Found a large runed translucent door.
 21843 | Gauntlet | Found a large runed translucent door.
 21844 | Gauntlet | Found a large runed translucent door.
 21844 | Gauntlet | Found a large runed translucent door.
 21845 | Gauntlet | Found a runed translucent gate.
 21846 | Gauntlet | Found a transporter.
 21846 | Gauntlet | Found a runed translucent gate.
 21846 | Gauntlet | Noticed a dire elephant
 21847 | Gauntlet | Found a runed translucent gate.
 21848 | Gauntlet | Found a large runed translucent door.
 21848 | Gauntlet | Found a large runed translucent door.
 21849 | Gauntlet | Found a large runed translucent door.
 21850 | Gauntlet | Found a large runed translucent door.
 21858 | Gauntlet | Found a transporter.
 21870 | Gauntlet | Found a transporter.
 21882 | Gauntlet | Found a transporter.
 21894 | Gauntlet | Found a transporter.
 21911 | Gauntlet | Found a transporter.
 21929 | Gauntlet | Found a transporter.
 21931 | Gauntlet | Found a transporter.
 21958 | Gauntlet | Found a transporter.
 21985 | Gauntlet | Found a transporter.
 21999 | Gauntlet | Found a transporter.
 22000 | Gauntlet | Found a transporter.
 22111 | Gauntlet | Found a transporter.
 22115 | Gauntlet | Found a large runed translucent door.
 22203 | Gauntlet | Killed a dire elephant
 22212 | Gauntlet | Got a glittering steel ring
 22221 | Gauntlet | Identified the ring "Luanlee" {+Fly rF+ rN+} (You found it
                  | in a Gauntlet)
 22234 | Gauntlet | Noticed a minotaur
 22248 | Gauntlet | Killed a minotaur
 22351 | D:12     | Found Fatrism's Gadget Shoppe.
 22693 | D:12     | Reached XP level 14. HP: 125/133 MP: 13/13
 22874 | D:12     | Found a runed translucent door.
 23048 | D:12     | Noticed a sphinx
 23048 | D:12     | Noticed a shadow dragon
 23060 | D:12     | Killed a shadow dragon
 23072 | D:12     | Killed a sphinx
 23279 | Orc:1    | Entered Level 1 of the Orcish Mines
 23288 | Orc:1    | Found a roughly hewn altar of Beogh.
 23593 | Orc:1    | Noticed an orc warlord
 23598 | Orc:1    | Reached skill level 5 in Shields
 23609 | Orc:1    | Killed an orc warlord
 23616 | Orc:1    | Reached skill level 15 in Axes
 23900 | Orc:2    | Entered Level 2 of the Orcish Mines
 23905 | Orc:2    | Noticed Jorgrun
 23907 | Orc:2    | Reached skill level 15 in Fighting
 23924 | Orc:2    | Killed Jorgrun
 23924 | Orc:2    | Reached skill level 15 in Armour
 24187 | Orc:2    | Noticed Azrael
 24202 | Orc:2    | Killed Azrael
 24839 | Orc:2    | Noticed an orc warlord
 24879 | Orc:2    | Killed an orc warlord
 25052 | Orc:2    | Found Vidgh's Magic Scroll Shop.
 25294 | Orc:2    | Bought a scroll of enchant weapon for 90 gold pieces
 25306 | Orc:2    | Found a roughly hewn altar of Beogh.
 25325 | Orc:2    | Found Zedghuesk's Distillery.
 25416 | Orc:2    | Bought a potion of mutation for 120 gold pieces
 25416 | Orc:2    | Bought a potion of mutation for 120 gold pieces
 25416 | Orc:2    | Bought a potion of mutation for 120 gold pieces
 25416 | Orc:2    | Bought a potion of curing for 45 gold pieces
 25416 | Orc:2    | Bought a potion of curing for 45 gold pieces
 25416 | Orc:2    | Bought a potion of curing for 45 gold pieces
 25416 | Orc:2    | Bought a potion of curing for 45 gold pieces
 25883 | Orc:2    | Received a gift from Trog
 26050 | Orc:2    | Found a staircase to the Elven Halls.
 26157 | Orc:2    | Found a roughly hewn altar of Beogh.
 26344 | Orc:2    | Found Dilaroug's Distillery.
 26355 | Orc:2    | Bought a potion of curing for 33 gold pieces
 26355 | Orc:2    | Bought a potion of curing for 33 gold pieces
 26355 | Orc:2    | Bought a potion of curing for 33 gold pieces
 26355 | Orc:2    | Bought a potion of curing for 33 gold pieces
 26361 | Orc:2    | Found Jatukaik's Book Shop.
 26374 | Orc:2    | Reached XP level 15. HP: 135/143 MP: 14/14
 26849 | D:13     | Found a gate to the Vaults.
 27082 | D:13     | Received a gift from Trog
 27621 | D:14     | Noticed Louise
 27649 | D:14     | Killed Louise
 27779 | D:14     | Found a large runed translucent door.
 27779 | D:14     | Found a large runed translucent door.
 28142 | D:14     | Noticed Snorg
 28149 | D:14     | Killed Snorg
 28149 | D:14     | Reached skill level 16 in Fighting
 28730 | D:15     | Entered Level 15 of the Dungeon
 28785 | D:15     | Noticed Nessos
 28791 | D:15     | Killed Nessos
 29028 | D:15     | Received a gift from Trog
 29252 | D:15     | Found a staircase to the Depths.
 29426 | D:15     | no rpois before branches
 29658 | Shoals:1 | Entered Level 1 of the Shoals
 30074 | Shoals:1 | Identified a scroll of acquirement
 30075 | Shoals:1 | Got the ring of Dait {rPois MR+ Int+3 Dex-4 SInv}
 30138 | Snake:1  | Entered Level 1 of the Snake Pit
 30501 | Snake:1  | Noticed Aizul
 30505 | Snake:1  | Reached skill level 10 in Shields
 30513 | Snake:1  | Killed Aizul
 32052 | Snake:2  | Reached XP level 16. HP: 141/154 MP: 15/15
 32345 | Snake:3  | Received a gift from Trog
 32935 | Snake:3  | Reached skill level 17 in Fighting
 33220 | Snake:3  | Found the +9 scales of the Dragon King {rPois rF+ rC+ MR+}
 33247 | Snake:3  | yay!
 34058 | Snake:3  | Received a gift from Trog
 34313 | Snake:4  | Entered Level 4 of the Snake Pit
 35119 | Snake:4  | Identified the +7 trident "Zitodyl" {distort, rN+ Int+3}
                  | (You found it on level 4 of the Snake Pit)
 35347 | Snake:4  | Reached ****** piety under Trog
 35347 | Snake:4  | Received a gift from Trog
 35592 | Snake:4  | Reached XP level 17. HP: 161/163 MP: 16/16
 35639 | Snake:4  | Reached skill level 18 in Fighting
 36011 | Snake:4  | Got a serpentine rune of Zot
 36656 | Shoals:1 | Received a gift from Trog
 37006 | Shoals:1 | Cast into level 2 of the Abyss (merfolk javelineer)
 37088 | Abyss:2  | Found a corrupted altar of Lugonu.
 37164 | Abyss:2  | Noticed a lich
 37169 | Abyss:2  | Noticed a Hell Sentinel
 37170 | Abyss:2  | Killed a lich
 37263 | Shoals:1 | Escaped the Abyss
 38351 | Shoals:3 | Reached XP level 18. HP: 130/174 MP: 17/17
 38368 | Shoals:3 | Reached skill level 19 in Fighting
 38793 | Shoals:3 | Received a gift from Trog
 39117 | Shoals:3 | Identified the +7 morningstar of Spite {vorpal, *Noise
                  | rPois Str+3} (You found it on level 3 of the Shoals)
 39250 | Shoals:4 | Entered Level 4 of the Shoals
 39418 | Shoals:4 | Got a barnacled rune of Zot
 40237 | Shoals:4 | Received a gift from Trog
 40262 | Shoals:4 | Noticed Ilsuiw
 40290 | Shoals:4 | Killed Ilsuiw
 40296 | Shoals:4 | Reached skill level 15 in Dodging
 40579 | Shoals:4 | Reached skill level 15 in Shields
 40789 | Shoals:4 | Found the +12 Vampire's Tooth {vamp}
 41460 | Elf:1    | Entered Level 1 of the Elven Halls
 41935 | Elf:1    | Received a gift from Trog
 42863 | Elf:2    | Found a runed translucent gate.
 42865 | Elf:2    | Found a runed translucent gate.
 42866 | Elf:2    | Found a runed translucent gate.
 42868 | Elf:2    | Reached XP level 19. HP: 181/184 MP: 18/18
 43113 | Elf:2    | Reached skill level 20 in Fighting
 43938 | Elf:2    | Received a gift from Trog
 44343 | Vaults:1 | Entered Level 1 of the Vaults
 44994 | Vaults:1 | Found Kecut's Antique Weapon Emporium.
 45216 | Vaults:1 | Received a gift from Trog
 46058 | Vaults:2 | Identified the +5 ring mail "Eduen" {rElec rF+} (You found
                  | it on level 2 of the Vaults)
 46116 | Vaults:2 | Found a magical portal.
 46145 | WizLab   | Entered Doroklohe's Tomb
 46362 | WizLab   | Noticed a greater mummy
 46395 | WizLab   | Killed a greater mummy
 46395 | WizLab   | Reached skill level 21 in Fighting
 46395 | WizLab   | Reached XP level 20. HP: 80/198 MP: 19/19
 46721 | WizLab   | Found the +8 orange crystal plate armour {Archmagi, Int+3
                  | Clar}
 46759 | WizLab   | Identified the cursed +0 ring mail of Somewhere Else
                  | {Str+4} (You found it in a wizard's laboratory)
 47208 | Vaults:2 | Received a gift from Trog
 47869 | Vaults:2 | Found a staircase to the Crypt.
 47869 | Vaults:2 | Found a basalt altar of Yredelemnul.
 47870 | Vaults:2 | Found an ancient bone altar of Kikubaaqudgha.
 48564 | Vaults:3 | Received a gift from Trog
 48615 | Vaults:3 | Identified the +10 war axe of World's End {flame, Str-4
                  | Int+3 Dex+2 SInv} (Trog gifted it to you on level 3 of the
                  | Vaults)
 49105 | Vaults:3 | Received a gift from Trog
 49121 | Vaults:3 | Reached skill level 22 in Fighting
 49636 | Vaults:3 | Reached XP level 21. HP: 192/207 MP: 20/20
 49729 | Vaults:3 | Found Qeseph's Magic Scroll Emporium.
 49733 | Vaults:3 | Bought a scroll of identify for 24 gold pieces
 49733 | Vaults:3 | Bought a scroll of identify for 24 gold pieces
 49733 | Vaults:3 | Bought a scroll of identify for 24 gold pieces
 49733 | Vaults:3 | Bought a scroll of identify for 24 gold pieces
 49733 | Vaults:3 | Bought a scroll of blinking for 90 gold pieces
 49733 | Vaults:3 | Bought a scroll of blinking for 90 gold pieces
 49733 | Vaults:3 | Bought a scroll of brand weapon for 240 gold pieces
 50014 | Vaults:3 | Received a gift from Trog
 50079 | Vaults:4 | Found Ahenlown's General Store.
 50225 | Vaults:4 | Noticed Bai Suzhen
 50288 | Vaults:4 | Killed Bai Suzhen
 50663 | Vaults:4 | Found Irouf's Magic Scroll Boutique.
 50668 | Vaults:4 | Bought a scroll of enchant weapon for 142 gold pieces
 50668 | Vaults:4 | Bought a scroll of blinking for 142 gold pieces
 50706 | Vaults:4 | Received a gift from Trog
 51295 | Vaults:4 | Found Taob's Antique Armour Boutique.
 51408 | Vaults:4 | Found Kaoshrebb's Weapon Emporium.
 51428 | Vaults:4 | Reached skill level 23 in Fighting
 51574 | Crypt:1  | Entered Level 1 of the Crypt
 52053 | Depths:1 | Entered Level 1 of the Depths
 52103 | Depths:1 | Reached skill level 1 in Throwing
 52144 | Depths:1 | Found a gateway to Hell.
 52311 | Depths:1 | Reached XP level 22. HP: 220/220 MP: 10/21
 52397 | Depths:1 | Received a gift from Trog
 53278 | Depths:2 | Reached skill level 5 in Throwing
 53341 | Depths:2 | Found a one-way gate to the infinite horrors of the Abyss.
 53346 | Depths:2 | Found a gateway to a ziggurat.
 53375 | Depths:2 | Found a bloodstained altar of Trog.
 53375 | Depths:2 | Found a basalt altar of Yredelemnul.
 53376 | Depths:2 | Found a basalt altar of Yredelemnul.
 53661 | Depths:2 | Received a gift from Trog
 54240 | Depths:2 | Noticed a golden dragon
 54241 | Depths:2 | Found the +5 demon whip "Spellbinder" {antimagic, MR+}
 54257 | Depths:2 | Killed a golden dragon
 54412 | Depths:2 | Received a gift from Trog
 54419 | Depths:2 | Noticed a caustic shrike
 54430 | Depths:2 | Killed a caustic shrike
 54430 | Depths:2 | Reached skill level 24 in Fighting
 54567 | Depths:2 | Reached XP level 23. HP: 229/229 MP: 22/22
 54770 | Depths:3 | Noticed Asterion
 54779 | Depths:3 | Killed Asterion
 55178 | Depths:3 | Found a one-way gate leading to the halls of Pandemonium.
 55222 | Depths:3 | Noticed Boris
 55237 | Depths:3 | Killed Boris
 55383 | Depths:3 | You fall into a shaft and drop 1 floor!
 55403 | Depths:4 | Received a gift from Trog
 55583 | Depths:4 | Noticed a greater mummy
 55592 | Depths:4 | Killed a greater mummy
 56254 | Depths:4 | Noticed Mara
 56274 | Depths:4 | You fall into a shaft and drop 1 floor!
 56274 | Depths:5 | Entered Level 5 of the Depths
 56302 | Depths:5 | Reached skill level 10 in Throwing
 56598 | Depths:4 | Noticed Sojobo
 56619 | Depths:4 | Killed Sojobo
 56700 | Depths:4 | Noticed Silerin's illusion
 56718 | Depths:4 | Killed Mara
 56977 | Depths:4 | Received a gift from Trog
 56977 | Depths:4 | Reached skill level 25 in Fighting
 57102 | Depths:4 | Found a runed translucent gate.
 57102 | Depths:4 | Found a runed translucent gate.
 57102 | Depths:4 | Found a runed translucent gate.
 57103 | Depths:4 | Noticed Teawk's ghost (veteran DsCK)
 57296 | Depths:4 | Found a corrupted altar of Lugonu.
 57776 | Orc:2    | Bought a manual of Dodging for 1876 gold pieces
 58241 | Depths:5 | Found a gate to the Realm of Zot.
 59262 | Elf:3    | Entered Level 3 of the Elven Halls
 59262 | Elf:3    | Found Vipek's Gadget Shoppe.
 59262 | Elf:3    | Found Tudowio's Jewellery Boutique.
 59264 | Elf:3    | Found Xydisupt's Gadget Shoppe.
 59271 | Elf:3    | Bought the ring "Uwyo" {+Fly rF+ rC+} for 452 gold pieces
 59299 | Elf:3    | Found a radiant altar of Vehumet.
 59323 | Elf:3    | Reached XP level 24. HP: 242/242 MP: 22/22
 59345 | Elf:3    | Found a frozen archway.
 59357 | IceCv    | Entered an ice cave
 59590 | IceCv    | Found the +8 demon trident "Rift" {distort, reach+}
 59957 | IceCv    | Received a gift from Trog
 60385 | Elf:3    | Found Tushas's Weapon Shoppe.
 60954 | Elf:3    | Received a gift from Trog
 61092 | Elf:3    | Identified the ring "Xucoc" {+Blink rF+ Int+6 Stlth+}
 61201 | Elf:3    | Identified the ring "Denuoz" {Ice +Blink Int+2 Stlth+}
 61273 | Elf:3    | Identified the Guide on Air
 61294 | Elf:3    | Identified the cursed +1 long sword of the Jolly Scars
                  | {freeze, rElec rF++} (You found it on level 3 of the Elven
                  | Halls)
 61297 | Elf:3    | Identified the cursed +2 mace "Dragon's Tongue" {vorpal,
                  | Dex+2} (You found it on level 3 of the Elven Halls)
 61952 | Vaults:5 | Entered Level 5 of the Vaults
 61968 | Vaults:5 | Received a gift from Trog
 62035 | Vaults:5 | Reached skill level 26 in Fighting
 62042 | Vaults:5 | Received a gift from Trog
 62076 | Vaults:5 | Identified the ring of Accord {MP+9 Str+5}
 62167 | Vaults:5 | Reached XP level 25. HP: 255/255 MP: 22/22
 62304 | Vaults:5 | Noticed an ancient lich
 62316 | Vaults:5 | Killed an ancient lich
 62407 | Vaults:5 | Identified the +2 morningstar of the Genius {pain, *Corrode
                  | Dex+7}
 62427 | Vaults:5 | Received a gift from Trog
 62745 | Vaults:5 | Reached skill level 27 in Fighting
 62824 | Vaults:5 | Got a silver rune of Zot
 63623 | Vaults:5 | Received a gift from Trog
 64000 | Vaults:5 | Got a brightly glowing broad axe {god gift}
 64001 | Vaults:5 | Identified the +11 broad axe of Anguish {vorpal, rC+} (Trog
                  | gifted it to you on level 5 of the Vaults)
 64421 | Zot:1    | Entered Level 1 of the Realm of Zot
 65419 | Zot:1    | Noticed an orb of fire
 66081 | Zot:1    | HP: 8/257 [yellow draconian stormcaller/divine providence
                  | (16)]
 66082 | Zot:1    | Killed from afar by a yellow draconian stormcaller

Illustrated notes ..##.#.#)#.#.#.#.####.######.[... .###..#.#.#.#.#.###...# #..... ## #.#.#.#.#.#.#....### ###### #..#.#.#.#.#.#.### #.#.#.#.#.#.#..# #..#.#.#.#.#.#.# #.#.#.#.#.#.#..# #..#.#.#.#.#.#.# ###.#.#.#.#.#@.# #######......# ######## Turn 29426 on D:15: no rpois before branches

..##..##..##.... .....
##.......##.. ....
#.......####. ##..#
##...))..# #.
##...###...)))..# #.
##....#..........# #.
.##................#
#.
..............##...# .
#......@.....####.##
#.........##..# #..##.
....#.....##..# #.....
......#.......##......
.....####.........)...
##.# #.......#.....
#.. #.........## S..
.# ..........## .
.........#.


Turn 33247 on Snake:3: yay!

Levels and vault maps discovered:
D:1:      kilobyte_arrival_exit_the_forest, layout_loops_ring,
          minmay_statues_item
D:2:      layout_basic, lemuel_round_altar, uniq_jessica,
          uniq_crazy_yiuf_cottage, uniq_terence, uniq_natasha
D:3:      layout_rooms, fedhas_altar_fruit_tree
D:4:      layout_basic, first_ration
D:5:      layout_layer_cave, minmay_temple_entry_statues_fountains
D:6:      layout_rooms, vehumet_crystals, trog_three_pillars_becter
D:7:      layout_basic, overflow_temple_1_default, uniq_maggie
D:8:      layout_loops_ring, grunt_temple_overflow_bloody_war,
          gammafunk_ghost_spectres, chequers_ossuary_entry_cave, uniq_psyche
D:9:      layout_irregular_city, serial_column_ruins, column_ruins_hut,
          column_ruins_grid_1, column_ruins_columns_straight,
          column_ruins_corridor_straight, david_nohive_1
D:10:     layout_long_grid, lair_entry_dummy, onia_ninara_dug_in_and_dangerous,
          uniq_josephine, uniq_erica
D:11:     layout_roguey, minmay_orc_entry_guard_dogs, kennysheep_doodads,
          uniq_erolcha
D:12:     layout_rooms, gauntlet_entry_generic, serial_shops,
          nicolae_shop_stone, minivault_13
D:13:     layout_basic, david_vaults_2
D:14:     layout_basic, minivault_25, minmay_variable_closet,
          lightli_elemental_guards, uniq_louise, uniq_snorg
D:15:     gammafunk_enter_depths_forms, layout_rooms, minivault_23, uniq_nessos
Lair:1:   layout_loops_ring, chequers_serial_rivers_micro_b
Lair:2:   layout_cave_pods, serial_bayou_shore_a
Lair:3:   layout_roguey, st_stairs_10, grunt_megastairs_3
Lair:4:   layout_cave_pods, minmay_shoals_entry_centaurs,
          guppyfry_snake_entry_garden, st_stairs_4
Lair:5:   layout_roguey, dpeg_slime_entry_corner, lemuel_fruit_tree,
          lemuel_fruit_fields
Lair:6:   guppyfry_lair_end_dragon, layout_gridlike, bobbens_dragon_lair_wall
Shoals:1: layout_shoals, nicolae_shoals_mertower
Shoals:2: cheibrodos_shoals_satyrical_garden, layout_shoals,
          nicolae_shoals_isolated_beach
Shoals:3: layout_shoals, nicolae_shoals_arrival_archipelago
Shoals:4: shoals_end_hangedman, layout_shoals, shoals_ilsuiw_alternative
Snake:1:  layout_layer_cave, uniq_aizul
Snake:2:  layout_misc_corridors, drop_trap
Snake:3:  cheibrodos_forgotten_conduit, layout_chambers
Snake:4:  grunt_snake_rune_serpentine_throne, layout_grid_shapes
Orc:1:    layout_caves, basic_altar, nicolae_orc_flooded_monolith
Orc:2:    pubby_orc_utopia, uniq_azrael, uniq_jorgrun
Elf:1:    layout_geoelf_diagonals, hangedman_corner_corridor
Elf:2:    layout_loops_cross, grunt_ministairs_3
Elf:3:    minmay_elf_hall_curves, layout_loops_cross,
          portal_ice_cave_entry_pillars_2, basic_altar, serial_shops,
          nicolae_shop_waterfront, minmay_shop_grove
Vaults:1: ontoclasm_vaults_claustrophobia, nicolae_vaults_murderbox,
          vaults_room_pools, v_alt_pattern_4, v_misc_27, v_rooms_1,
          nicolae_vaults_specimen_jars, nicolae_vaults_little_ls,
          grunt_vaults_swirl, nicolae_vaults_little_squares_3, v_misc_11,
          vaults_dpeg_ring, layout_vaults_omnicross, serial_shops,
          nicolae_shop_window_shopping
Vaults:2: minmay_crypt_entry_necro_gods, nicolae_vaults_shelves_hall,
          hangedman_vaults_pinch, v_misc_10, dpeg_vaults_monster_row,
          grunt_vaults_hallway_long, vaults_room_grunt_arrival_ludios,
          ontoclasm_vaults_idyll, ontoclasm_vaults_spin, vaults_dpeg_hooks,
          vaults_dpeg_cross, ontoclasm_vaults_chip,
          nicolae_vaults_little_squares_6, vaults_room_door_ring,
          ontoclasm_vaults_twist, v_misc_14, serial_ice_g,
          nicolae_vaults_little_squares_4, layout_vaults_ring,
          infiniplex_enter_wizlab_glasses
Vaults:3: vaults_mumra_lcd, vaults_mumra_hex, st_spiral_rooms,
          vaults_room_hallway, vaults_room_hallway, hangedman_vaults_nodes,
          v_misc_32, grunt_vaults_focal, ontoclasm_vaults_ring_square,
          nicolae_vaults_network_periphery, vaults_room_hallway,
          hangedman_vaults_impose, vaults_room_corners, layout_vaults_omnibox,
          serial_shops, shop
Vaults:4: nicolae_vaults_quadrants, vaults_mumra_minichess_inversion,
          vaults_room_hallway, vaults_room_pool, vaults_room_octagon,
          ontoclasm_vaults_eye, v_misc_5, v_misc_17, hangedman_vaults_slice,
          vaults_room_fours, v_alt_pattern_6, v_misc_22, v_misc_24,
          layout_vaults_big_room, serial_shops, shop, nicolae_shop_waterfront,
          shop, nicolae_shop_crystal, uniq_bai_suzhen
Vaults:5: serial_shops
Crypt:1:  grunt_deathspiral_small, layout_gridlike
Depths:1: layout_basic, minmay_misc_feat_rows, hell_entry, minivault_15,
          roderic_nine_men_s_morris, dk_noncrumbling_3
Depths:2: hangedman_slaughterboxes, hell_entry, abyss_entry
Depths:3: kennysheep_oblong_rooms, layout_basic,
          nicolae_abyss_entry_one_way_or_another, rand_demon_pan_entry_5,
          kennysheep_decorative_pillar, hell_entry, uniq_margery, uniq_boris,
          uniq_asterion
Depths:4: lemuel_minitomb, layout_gridlike, abyss_entry_flame_altar,
          biasface_ghost_demon_polymorph, grunt_pan_entry_sceptre,
          nicolae_two_hexagons, hell_entry, uniq_mara, uniq_sojobo
Depths:5: evilmike_zot_entry_argh, layout_basic, pf_hell_entry_tar_river,
          serial_bayou_pond_d
Zot:1:    lemuel_draconian_sentries, layout_basic, nrook_zot_tub

Skill      XL: |  1  2  3  4  5  6  7  8  9 10 11 12 13 14 15 16 17 18 19 20 21 22 23 24 25 |
---------------+----------------------------------------------------------------------------+-----
Fighting       | 4 5 6 8 9 10 12 13 14 15 16 17 18 19 21 22 23 24 25 26 27 | 27.0
Axes           | 4 5 6 8 9 10 12 13 14 15 16 17 18 | 18.0
Armour         | 3 4 5 6 7 9 10 11 13 14 15 16 17 18 19 20 21 | 21.9
Dodging        | 3 4 5 6 8 9 10 12 14 15 16 18 19 20 22 23 | 23.5
Shields        | 3 7 10 12 14 15 17 18 20 21 22 23 24 | 24.4
Throwing       | 3 8 11 12 | 12.0

Action                   |  1- 3 |  4- 6 |  7- 9 | 10-12 | 13-15 | 16-18 | 19-21 | 22-24 | 25-27 || total
-------------------------+-------+-------+-------+-------+-------+-------+-------+-------+-------++-------
Melee: Hand axe          |    62 |    10 |       |       |       |       |       |       |       ||    72
       Headbutt          |     7 |    22 |    51 |   122 |   238 |   245 |   377 |   436 |   121 ||  1619
       Battleaxe         |       |   116 |   251 |   528 |    88 |       |       |       |       ||   983
       Unarmed           |       |       |     2 |       |       |       |       |       |       ||     2
       Scimitar          |       |       |       |    20 |     5 |       |       |       |       ||    25
       Broad axe         |       |       |       |       |   839 |  1206 |  1289 |  1390 |   441 ||  5165
Throw: Javelin           |       |       |       |       |    20 |     4 |    14 |    29 |       ||    67
Invok: Berserk           |     2 |     2 |     1 |     2 |     3 |       |       |     1 |       ||    11
       Trog's Hand       |     1 |     3 |     1 |     7 |     9 |     3 |     5 |     3 |     1 ||    33
       Brothers in Arms  |       |       |       |       |     8 |     5 |     4 |     1 |       ||    18
Evoke: Wand              |       |       |       |     8 |    10 |     1 |     3 |     4 |     3 ||    29
       Lightning rod     |       |       |       |     4 |     4 |       |       |       |       ||     8
  Use: Scroll            |     8 |     3 |    12 |     3 |    16 |    14 |    11 |    20 |    13 ||   100
       Potion            |       |     4 |     4 |     7 |     8 |     3 |     5 |     4 |     5 ||    40
 Stab: Sleeping          |     1 |       |       |       |       |       |       |       |       ||     1
       Invisible         |       |     1 |     2 |       |       |       |     5 |    12 |       ||    20
       Distracted        |       |       |       |       |     1 |       |       |       |       ||     1
       Held in net/web   |       |       |       |       |       |     1 |       |       |       ||     1
       Confused          |       |       |       |       |       |       |     4 |     2 |     2 ||     8
  Eat: Chunk             |     4 |     9 |    15 |    26 |    31 |    25 |    25 |    10 |       ||   145
       Ration            |       |       |     1 |     3 |     7 |     4 |     4 |     7 |     3 ||    29
Armor: Animal skin       |     6 |       |       |       |       |       |       |       |       ||     6
       Ring mail         |     3 |    50 |    56 |       |       |       |       |       |       ||   109
       Skin              |       |    21 |       |       |     9 |       |    10 |       |       ||    40
       Leather armour    |       |       |     7 |       |       |       |       |       |       ||     7
       Acid dragon scale |       |       |    35 |     6 |       |       |       |       |       ||    41
       Plate armour      |       |       |       |   341 |   362 |    19 |       |       |       ||   722
       Gold dragon scale |       |       |       |       |       |   367 |   192 |   397 |   110 ||  1066
Dodge: Dodged            |    41 |    80 |   191 |   427 |   467 |   351 |   267 |   361 |    84 ||  2269
Block: Buckler           |       |       |       |       |     8 |       |       |       |       ||     8
       Kite shield       |       |       |       |       |   220 |       |       |       |       ||   220
       Tower shield      |       |       |       |       |   226 |  1327 |  1181 |  1564 |   433 ||  4731
       Reflection        |       |       |       |       |       |   134 |   159 |   100 |    13 ||   406
       Rpst.: Scimitar   |       |       |       |     2 |     1 |       |       |       |       ||     3

Table legend:
 A = Non-vault XP
 B = Vault XP
 C = Vault XP percentage of total XP
 D = Non-vault monster count
 E = Vault monster count
 F = Vault count percentage of total count
                 A         B        C        D         E       F
            +---------+---------+-------+---------+---------+-------
      Total |  636611 |  656822 |  50.8 |    1333 |     933 |  41.2
            +---------+---------+-------+---------+---------+-------
        D:1 |      29 |       0 |   0.0 |      21 |       0 |   0.0
        D:2 |     246 |     156 |  38.8 |      27 |       4 |  12.9
        D:3 |      57 |       0 |   0.0 |      25 |       0 |   0.0
        D:4 |     645 |       0 |   0.0 |      17 |       0 |   0.0
        D:5 |     413 |       0 |   0.0 |      14 |       0 |   0.0
        D:6 |    1375 |       0 |   0.0 |      22 |       0 |   0.0
        D:7 |     730 |     395 |  35.1 |      18 |       1 |   5.3
        D:8 |    1224 |     543 |  30.7 |      23 |       2 |   8.0
        D:9 |    2272 |    1093 |  32.5 |      31 |      14 |  31.1
       D:10 |    1036 |    2849 |  73.3 |      12 |       6 |  33.3
       D:11 |    4877 |    1655 |  25.3 |      27 |       5 |  15.6
       D:12 |    6073 |    5330 |  46.7 |      48 |       7 |  12.7
       D:13 |    2749 |    1123 |  29.0 |      25 |       3 |  10.7
       D:14 |    7742 |    3092 |  28.5 |      27 |       4 |  12.9
       D:15 |    7834 |    4798 |  38.0 |      18 |      14 |  43.8
     Lair:1 |    2256 |       0 |   0.0 |      11 |       0 |   0.0
     Lair:2 |    3873 |       0 |   0.0 |      13 |       0 |   0.0
     Lair:3 |    3683 |     577 |  13.5 |      10 |       3 |  23.1
     Lair:4 |    3529 |    1652 |  31.9 |      12 |       6 |  33.3
     Lair:5 |    5307 |       0 |   0.0 |      24 |       0 |   0.0
     Lair:6 |    5849 |    7944 |  57.6 |      25 |      30 |  54.5
   Shoals:1 |   18762 |    4386 |  18.9 |      34 |       7 |  17.1
   Shoals:2 |   15355 |    6267 |  29.0 |      33 |      11 |  25.0
   Shoals:3 |   18357 |       0 |   0.0 |      35 |       0 |   0.0
   Shoals:4 |   13256 |   28212 |  68.0 |      24 |      35 |  59.3
    Snake:1 |   14512 |    1244 |   7.9 |      26 |       1 |   3.7
    Snake:2 |    5387 |       0 |   0.0 |       9 |       0 |   0.0
    Snake:3 |   22107 |    4745 |  17.7 |      51 |       9 |  15.0
    Snake:4 |    7828 |   45432 |  85.3 |      16 |      65 |  80.2
      Orc:1 |    4916 |       0 |   0.0 |      33 |       0 |   0.0
      Orc:2 |       0 |   26544 | 100.0 |       0 |     157 | 100.0
      Elf:1 |   16620 |    5403 |  24.5 |      24 |       8 |  25.0
      Elf:2 |   16733 |   24619 |  59.5 |      31 |      30 |  49.2
      Elf:3 |   14524 |   39220 |  73.0 |      23 |      27 |  54.0
   Vaults:1 |   27671 |   17509 |  38.8 |      49 |      34 |  41.0
   Vaults:2 |   41528 |   15399 |  27.1 |      59 |      24 |  28.9
   Vaults:3 |   54386 |   25871 |  32.2 |      95 |      38 |  28.6
   Vaults:4 |   37381 |   32400 |  46.4 |      51 |      38 |  42.7
   Vaults:5 |   54737 |  138261 |  71.6 |      90 |      96 |  51.6
    Crypt:1 |    2075 |       0 |   0.0 |       2 |       0 |   0.0
   Depths:1 |   65128 |       0 |   0.0 |      71 |       0 |   0.0
   Depths:2 |       0 |  106576 | 100.0 |       0 |      91 | 100.0
   Depths:3 |   30081 |   18773 |  38.4 |      38 |      11 |  22.4
   Depths:4 |   17168 |   32998 |  65.8 |      25 |      27 |  51.9
   Depths:5 |   17391 |   20042 |  53.5 |      17 |      16 |  48.5
      Zot:1 |   47454 |    4727 |   9.1 |      31 |       3 |   8.8
    Abyss:2 |   11455 |       0 |   0.0 |      16 |       0 |   0.0
    Ossuary |       0 |     272 | 100.0 |       0 |      12 | 100.0
      IceCv |       0 |    8771 | 100.0 |       0 |      60 | 100.0
     WizLab |       0 |   12326 | 100.0 |       0 |      19 | 100.0
   Gauntlet |       0 |    5618 | 100.0 |       0 |      15 | 100.0
            +---------+---------+-------+---------+---------+-------
